Get step-by-step instructions on how to execute this build order below. Start the game timer, and the build order will tick by so you can play in parallel with StarCraft on a second screen or mobile device.

Game Time

  0:00

Last Step

  N/A

Next Step

Upcoming Step



Don't want to look back and forth between 2 screens? Try out our Overwolf App, the Spawning Tool Build Advisor to get an in-game overlay with this build!

Complete Build Order

  12  0:16  Drone  
  12  0:20  Drone  
  14  0:31  Extractor, Drone  
  15  0:43  Hatchery  
  14  0:52  Extractor, Drone  
  15  1:02  Overlord  
  15  1:07  Spawning Pool  
  14  1:15  Extractor  
  14  1:16  Drone  
  14  1:21  Drone x2  
  16  1:29  Drone  
  17  1:39  Drone  
  18  1:48  Drone  
  19  1:55  Queen  
  19  1:56  Queen  
  19  1:58  Drone  
  19  2:01  Drone  
  25  2:09  Zergling x2  
  26  2:25  Metabolic Boost  
  26  2:30  Hatchery  
  26  2:34  Drone x2  
  27  2:40  Drone  
  28  2:48  Overlord  
  28  2:53  Extractor, Drone  
  29  3:16  Queen  
  29  3:17  Drone x3  
  29  3:18  Drone x2  
  29  3:19  Overlord x2  
  36  3:34  Overlord  
  36  3:44  Spore Crawler  
  36  3:45  Spore Crawler  
  36  3:46  Drone x6  
  40  3:48  Overlord  
  40  3:50  Lair  
  40  3:52  Drone  
  41  4:01  Queen  
  43  4:03  Spore Crawler  
  43  4:04  Drone  
  43  4:08  Overlord  
  43  4:30  Extractor  
  42  4:33  Extractor  
  42  4:37  Zergling x10  
  42  4:38  Zergling x6  
  49  4:45  Zergling x8  
  51  4:48  Roach Warren  
  51  4:50  Drone x2  
  53  5:03  Drone x3  
  53  5:05  Drone  
  57  5:13  Zergling x8  
  57  5:14  Zergling x4  
  63  5:26  Drone x3  
  66  5:31  Hatchery  
  65  5:39  Glial Reconstitution  
  65  5:41  Roach x2  
  65  5:42  Roach x2  
  73  5:47  Hydralisk Den  
  72  5:56  Pneumatized Carapace  
  72  5:59  Drone x2  
  72  6:00  Drone, Evolution Chamber  
  72  6:01  Evolution Chamber  
  72  6:02  Overlord  
  72  6:17  Grooved Spines  
  72  6:21  Drone x7  
  79  6:30  Roach  
  79  6:31  Overlord x2  
  81  6:35  Zerg Missile Weapons Level 1  
  81  6:39  Zerg Ground Armor Level 1  
  73  6:56  Roach x5  
  73  6:57  Roach  
  76  7:05  Roach x4  
  76  7:07  Muscular Augments  
  81  7:11  Roach x2  
  81  7:14  Roach  
  87  7:16  Drone x6  
  93  7:23  Drone  
  93  7:24  Spine Crawler  
  93  7:25  Roach x2  
  93  7:29  Overlord  
  97  7:30  Overlord  
  97  7:57  Roach x3  
  103  7:58  Overlord x2  
  103  7:59  Overlord x2  
  103  8:09  Lurker Den  
  103  8:10  Extractor x2  
  103  8:11  Drone x3, Extractor  
  102  8:13  Drone x2  
  102  8:14  Overlord  
  102  8:15  Overlord x2  
  102  8:17  Ravager  
  102  8:18  Ravager x2  
  107  8:26  Drone x3  
  110  8:30  Drone x4  
  110  8:31  Drone  
  110  8:33  Drone x2  
  117  8:36  Drone x2  
  117  8:37  Drone x2  
  117  8:38  Roach x5  
  117  8:39  Roach  
  133  8:41  Overseer  
  133  8:46  Roach  
  133  8:47  Roach x2  
  139  8:50  Roach x2  
  143  9:03  Roach x3  
  143  9:04  Roach x2  
  153  9:12  Roach  
  153  9:13  Roach x2  
  153  9:14  Ravager  
  153  9:15  Spore Crawler, Ravager  
  153  9:16  Ravager, Spine Crawler  
  160  9:18  Overlord x2  
  160  9:33  Roach  
  143  9:45  Roach  
  143  9:52  Roach x10  
  154  9:53  Roach x10  
  146  10:01  Roach x2  
  139  10:09  Roach x7  
  139  10:10  Roach x2  
  115  10:30  Roach x4  
  115  10:31  Roach x3  
  102  10:39  Roach x3  
  102  10:40  Roach x2  
  103  10:49  Roach  
  94  10:50  Roach x7  
  94  10:51  Roach x2  
  98  10:58  Roach x2  
  94  11:04  Roach x2  
  94  11:05  Roach x2  
  94  11:09  Roach x2  
  94  11:21  Roach x4  
  92  11:27  Roach x2  
  92  11:28  Roach  
  86  11:37  Roach x2  
  86  11:38  Roach  
  84  11:45  Roach x3  
  76  11:55  Roach x4  
  78  12:03  Roach x3  
  74  12:11  Roach x2  
  74  12:12  Roach